Map: Traitor's Exile

Players

Mittens

  • Race: Protoss Protoss
  • Spawn Location: 5:00

Nike

  • Race: Protoss Protoss
  • Spawn Location: 6:00

OpuS - Winner!

  • Race: Protoss Protoss
  • League: Platinum
  • Spawn Location: 12:00

Sketchaphone - Winner!

  • Race: Zerg Zerg
  • League: Platinum
  • Spawn Location: 9:00

VOD

Have the link to the VOD?

Description

Time

  • Played on: Feb. 4, 2019, 8:03 p.m.
  • Length: 15:36
Show
View Real Time Build Order
Export as new Build Order

Mittens Protoss 

Build Orders: Oracle Opening, Phoenix Opening 

Get SALT Encoding   

  12  0:01  Probe  
  13  0:13  Probe  
  14  0:18  Pylon  
  14  0:26  Probe  
  15  0:39  Probe  
  15  0:41  Gateway  
  16  0:47  Assimilator  
  16  0:52  Probe  
  17  1:04  Probe  
  17  1:08  Assimilator  
  18  1:17  Probe  
  19  1:27  Probe  
  19  1:31  Cybernetics Core  
  20  1:35  Probe  
  20  1:38  Pylon  
  21  1:43  Probe  
  22  1:55  Probe  
  23  2:06  Stalker  
  23  2:07  Probe  
  24  2:08  Stargate  
  24  2:12  Warp Gate  
  26  2:29  Stalker  
  28  2:38  Pylon  
  28  2:41  Oracle  
  30  3:10  Pylon  
  30  3:11  Robotics Facility  
  30  3:23  Probe  
  30  3:25  Stalker  
  33  3:37  Phoenix  
  35  3:50  Probe  
  35  3:53  Void Ray  
  40  4:11  Observer  
  40  4:12  Zealot  
  42  4:17  Nexus  
  42  4:22  Pylon  
  43  4:24  Probe  
  44  4:43  Pylon  
  43  4:53  Probe  
  43  4:57  Void Ray  
  48  5:02  Immortal  
  52  5:13  Probe  
  53  5:20  Shield Battery  
  54  5:28  Probe  
  54  5:35  Observer  
  54  5:38  Probe  
  54  5:42  Pylon  
  56  5:44  Probe  
  57  5:54  Probe  
  57  5:56  Probe  
  59  6:00  Immortal  
  63  6:06  Probe  
  63  6:10  Void Ray  
  64  6:23  Probe x2  
  70  6:35  Probe x2  
  70  6:39  Immortal  
  76  6:45  Forge  
  76  6:47  Probe  
  76  6:48  Probe  
  78  6:54  Pylon  
  78  6:57  Stalker  
  78  6:59  Probe  
  81  7:03  Probe  
  82  7:09  Robotics Bay  
  82  7:16  Nexus  
  82  7:20  Photon Cannon  
  82  7:22  Probe  
  83  7:25  Assimilator  
  83  7:26  Probe  
  83  7:29  Assimilator  
  84  7:35  Observer  
  85  7:42  Robotics Facility  
  85  7:46  Probe x2  
  87  7:58  Probe  
  86  8:12  Zealot, Immortal  
  80  8:15  Gateway  
  80  8:16  Gateway  
  77  8:26  Void Ray  
  81  8:45  Stalker  
  81  8:46  Probe x2  
  85  8:49  Colossus x2  
  85  8:50  Gateway  
  85  8:52  Protoss Ground Weapons Level 1  
  85  8:53  Probe  
  98  8:58  Probe  
  98  8:59  Probe  
  100  9:05  Probe  
  101  9:10  Gateway  
  71  9:25  Stalker x3  
  74  9:33  Colossus  
  58  9:51  Probe x3  
  47  10:03  Probe x2  
  47  10:04  Probe  
  49  10:22  Colossus  
  49  10:25  Sentry  
  49  10:27  Probe  
  58  10:47  Photon Cannon  
  58  10:50  Shield Battery  
  58  10:56  Stalker x2  
  62  10:59  Sentry x2  
  66  11:19  Stalker x2  
  66  11:21  Probe x3  
  73  11:30  Phoenix  
  73  11:33  Probe x2  
  77  11:41  Probe  
  77  11:42  Protoss Ground Armor Level 1  
  78  11:57  Stalker x4  
  90  12:06  Immortal x2  
  83  12:25  Stalker x4  
  85  12:36  Probe x3  
  88  12:48  Probe, Void Ray  
  88  12:49  Pylon  
  89  12:52  Probe  
  89  12:57  Probe  
  91  13:00  Probe  
  91  13:04  Stalker x2, Probe  
  97  13:07  Sentry  
  97  13:09  Probe  
  97  13:12  Probe  
  101  13:17  Pylon  
  101  13:23  Probe  
  102  13:34  Phoenix  
  104  13:35  Probe  
  104  13:37  Assimilator  
  104  13:40  Probe  
  104  13:41  Assimilator  
  106  13:42  Sentry x2  
  106  13:43  Sentry  
  112  13:51  Twilight Council  
  112  13:54  Assimilator  
  112  13:56  Probe  
  112  14:02  Phoenix  
  115  14:20  Nexus  
  115  14:26  Pylon  
  115  14:28  Probe  
  115  14:40  Phoenix  
  116  14:54  Stalker x2  
  119  15:03  Phoenix  
  83  15:22  Zealot x3  
  83  15:23  Zealot  
Show
View Real Time Build Order
Export as new Build Order

Nike Protoss 

Build Orders:  

Get SALT Encoding   

  12  0:01  Probe  
  13  0:13  Probe  
  14  0:22  Pylon  
  14  0:27  Probe  
  15  0:40  Probe  
  16  0:48  Probe  
  16  0:51  Gateway  
  16  0:54  Assimilator  
  16  0:57  Probe  
  18  1:12  Probe  
  18  1:16  Pylon  
  19  1:21  Assimilator  
  19  1:24  Probe  
  20  1:36  Probe  
  21  1:46  Cybernetics Core  
  21  1:48  Probe  
  22  2:00  Gateway  
  22  2:02  Pylon  
  22  2:05  Probe  
  23  2:14  Warp Gate  
  23  2:17  Probe  
  23  2:21  Forge  
  24  2:29  Stalker  
  26  2:36  Probe  
  27  2:47  Zealot  
  29  2:53  Probe  
  30  2:59  Stalker  
  32  3:12  Probe  
  33  3:28  Stalker  
  33  3:30  Nexus  
  35  3:35  Stalker  
  35  3:36  Protoss Ground Weapons Level 1  
  37  3:42  Pylon  
  37  3:43  Probe  
  38  4:12  Photon Cannon  
  38  4:17  Pylon  
  38  4:19  Twilight Council  
  38  4:24  Robotics Facility  
  38  4:31  Stalker  
  40  4:33  Zealot  
  40  4:38  Charge  
  42  4:42  Probe  
  43  4:50  Probe  
  44  4:54  Probe  
  45  5:02  Probe  
  45  5:06  Probe  
  47  5:12  Sentry  
  47  5:13  Zealot  
  51  5:14  Probe  
  51  5:17  Observer  
  51  5:18  Probe  
  51  5:21  Protoss Ground Weapons Level 2  
  54  5:26  Probe  
  55  5:31  Probe  
  56  5:36  Assimilator  
  56  5:38  Probe  
  56  5:41  Assimilator  
  57  5:43  Probe, Photon Cannon  
  57  5:47  Photon Cannon  
  58  5:50  Probe  
  58  5:55  Probe  
  60  5:58  Immortal  
  60  6:02  Probe  
  65  6:07  Probe  
  65  6:10  Zealot x2  
  70  6:16  Blink  
  70  6:31  Probe  
  70  6:44  Pylon x2  
  70  7:02  Nexus, Probe x2, Observer  
  73  7:14  Probe x2  
  75  7:21  Pylon  
  75  7:23  Immortal  
  75  7:26  Probe x2  
  75  7:28  Protoss Ground Armor Level 1  
  81  7:31  Pylon  
  81  7:38  Probe x2  
  81  7:43  Gateway  
  83  7:45  Gateway  
  83  7:48  Robotics Bay  
  83  7:50  Probe x2  
  75  8:10  Zealot x2  
  69  8:30  Probe x2  
  69  8:31  Probe  
  72  8:36  Photon Cannon  
  72  8:38  Photon Cannon  
  72  8:41  Assimilator  
  72  8:42  Probe x2  
  72  8:43  Probe  
  72  8:44  Zealot x2  
  72  8:45  Stalker x2  
  83  8:51  Photon Cannon  
  83  8:53  Photon Cannon  
  83  8:54  Probe x2  
  83  8:55  Probe  
  86  8:56  Assimilator  
  86  9:01  Assimilator  
  86  9:03  Extended Thermal Lance  
  86  9:06  Probe  
  86  9:07  Probe x2  
  89  9:10  Colossus  
  95  9:26  Zealot  
  95  9:27  Stalker x2, Zealot  
  93  9:50  Probe x2  
  95  9:58  Stalker x2  
  95  9:59  Stalker x2  
  103  10:13  Colossus  
  109  10:16  Protoss Ground Weapons Level 3  
  109  10:22  Gateway  
  109  10:27  Pylon, Stargate  
  109  10:31  Pylon  
  109  10:40  Shield Battery  
  109  10:50  Stalker x4  
  111  11:23  Photon Cannon  
  111  11:27  Pylon, Phoenix  
  113  11:34  Probe  
  114  11:46  Probe  
  115  11:49  Probe  
  115  11:50  Stalker x2  
  115  11:51  Stalker x3  
  115  11:52  Probe  
  127  11:57  Probe  
  127  11:58  Probe  
  127  12:00  Phoenix  
  131  12:04  Protoss Air Weapons Level 1, Probe  
  131  12:07  Probe  
  132  12:10  Probe  
  102  12:23  Stalker x2  
  102  12:24  Stalker x2  
  106  12:33  Phoenix  
  98  12:51  Nexus  
  98  12:54  Assimilator  
  98  12:58  Zealot  
  98  13:00  Zealot  
  102  13:13  Probe  
  103  13:20  Phoenix  
  103  13:25  Probe  
  106  13:33  Protoss Shields Level 1  
  106  13:39  Stalker  
  106  13:40  Stalker  
  106  13:41  Zealot x2  
  114  13:47  Phoenix  
  116  14:02  Photon Cannon  
  116  14:05  Shield Battery, Photon Cannon  
  116  14:13  Phoenix  
  118  14:23  Fleet Beacon  
  118  14:27  Stargate  
  118  14:31  Pylon  
  118  14:49  Pylon  
  118  14:50  Stalker x4  
  118  14:51  Zealot  
  58  15:14  Zealot x3  
  58  15:15  Zealot x2  
Show
View Real Time Build Order
Export as new Build Order

OpuS Protoss - Winner!

Build Orders:  

Get SALT Encoding   

  12  0:01  Probe  
  13  0:13  Probe  
  14  0:23  Pylon  
  14  0:26  Probe  
  15  0:37  Probe  
  16  0:44  Gateway  
  16  0:45  Probe  
  17  0:50  Assimilator  
  17  0:59  Probe  
  18  1:07  Probe  
  19  1:24  Gateway  
  19  1:31  Cybernetics Core  
  18  1:34  Pylon  
  18  1:36  Probe  
  19  1:48  Probe  
  20  2:00  Probe  
  21  2:04  Assimilator  
  21  2:07  Warp Gate  
  21  2:11  Adept x2  
  25  2:20  Probe  
  26  2:34  Pylon  
  26  2:38  Probe  
  26  2:41  Stalker  
  28  2:46  Probe  
  29  2:57  Forge  
  29  3:11  Gateway  
  29  3:14  Shield Battery  
  29  3:19  Stalker  
  31  3:20  Stalker  
  31  3:26  Pylon  
  33  3:31  Photon Cannon  
  32  3:42  Probe  
  32  3:50  Probe  
  32  3:55  Twilight Council  
  33  3:58  Stargate  
  29  4:18  Zealot x3  
  29  4:24  Probe  
  35  4:31  Charge  
  36  5:01  Nexus  
  36  5:02  Pylon  
  36  5:12  Void Ray  
  36  5:28  Zealot  
  42  5:36  Probe  
  42  5:40  Zealot  
  42  5:42  Zealot  
  47  5:58  Void Ray  
  51  6:06  Stalker  
  53  6:21  Pylon  
  53  6:29  Probe x2  
  55  6:33  Zealot  
  55  6:34  Zealot  
  55  6:38  Zealot  
  59  6:48  Void Ray  
  59  6:49  Probe x2  
  65  7:04  Probe x2  
  67  7:20  Probe x2  
  69  7:28  Zealot x2  
  73  7:30  Zealot  
  73  7:32  Probe x2  
  77  7:40  Templar Archives  
  77  8:04  Void Ray  
  77  8:05  Pylon  
  77  8:07  Pylon  
  77  8:09  Pylon  
  65  8:22  Probe x2  
  65  8:24  Zealot x3  
  73  8:34  Probe  
  73  8:36  Protoss Air Weapons Level 1  
  73  8:40  Gateway  
  74  8:43  Gateway  
  74  8:50  Zealot x3  
  80  9:02  Void Ray  
  78  9:26  Probe x2  
  78  9:29  Assimilator  
  76  9:33  Assimilator  
  76  9:38  Probe  
  63  9:45  Void Ray  
  47  9:51  Stargate  
  49  9:53  Gateway  
  49  9:59  Probe x2  
  51  10:01  Zealot x3  
  51  10:04  Zealot  
  59  10:07  Zealot  
  59  10:11  Probe x2  
  63  10:28  Void Ray  
  63  10:30  Zealot x3  
  73  10:40  Void Ray  
  77  10:49  Probe  
  78  11:05  Nexus  
  78  11:06  Pylon  
  78  11:15  Void Ray  
  82  11:18  High Templar  
  82  11:19  High Templar  
  82  11:24  High Templar x2  
  90  11:28  Archon x2  
  90  11:30  Zealot  
  90  11:31  Zealot  
  94  11:40  Pylon  
  94  11:41  Pylon  
  94  11:59  Probe x2  
  96  12:08  Fleet Beacon  
  96  12:10  Void Ray  
  94  12:26  Void Ray  
  82  12:41  Protoss Shields Level 1  
  60  12:44  Zealot x3  
  60  12:45  Zealot x3  
  68  12:53  Probe x2  
  68  12:54  Probe  
  71  13:05  Void Ray  
  71  13:10  Zealot x2  
  71  13:11  High Templar  
  71  13:12  High Templar  
  83  13:16  Archon  
  83  13:19  Zealot x2  
  87  13:26  Void Ray  
  91  13:35  Probe x3  
  94  13:47  Probe  
  95  13:53  Void Ray  
  99  13:59  Cybernetics Core  
  99  14:00  Zealot  
  101  14:03  High Templar x2  
  101  14:07  Archon  
  105  14:12  Probe x3  
  108  14:17  Zealot x3  
  108  14:23  Void Ray  
  118  14:35  Probe x2  
  118  14:36  Probe, Void Ray  
  125  14:50  Zealot x3  
  125  14:52  Probe x2  
  133  14:56  Assimilator  
  133  15:01  Assimilator  
Show
View Real Time Build Order
Export as new Build Order

Sketchaphone Zerg - Winner!

Build Orders: Hatch First, Muta Ling Bane 

Get SALT Encoding   

  12  0:01  Drone  
  13  0:13  Overlord  
  13  0:19  Drone  
  14  0:22  Extractor  
  14  0:24  Drone  
  15  0:31  Drone  
  16  0:36  Drone  
  17  0:57  Hatchery  
  17  0:58  Drone  
  17  1:04  Extractor  
  17  1:05  Drone  
  17  1:20  Spawning Pool  
  16  1:26  Drone  
  16  1:28  Drone  
  16  1:30  Drone  
  19  1:48  Drone  
  19  1:51  Overlord  
  20  2:02  Drone  
  21  2:08  Metabolic Boost  
  21  2:09  Overlord  
  21  2:19  Drone  
  21  2:20  Drone  
  23  2:24  Drone  
  23  2:26  Queen  
  26  2:30  Queen  
  28  2:39  Evolution Chamber  
  27  2:46  Drone  
  27  2:50  Overlord, Drone  
  29  2:51  Drone  
  29  2:56  Drone  
  31  3:02  Drone  
  32  3:16  Hatchery  
  32  3:18  Zergling x2  
  32  3:19  Zergling x2  
  33  3:22  Zerg Melee Weapons Level 1  
  33  3:24  Drone x2  
  35  3:28  Spore Crawler  
  35  3:34  Spore Crawler  
  33  3:35  Drone  
  34  3:47  Drone  
  34  3:48  Drone  
  36  3:52  Overlord  
  36  3:53  Drone x2  
  38  3:56  Overlord  
  38  3:59  Zergling x2  
  39  4:07  Zergling x2  
  40  4:10  Zergling x2  
  40  4:15  Drone x2  
  43  4:19  Zergling x6  
  43  4:22  Zergling x2  
  43  4:23  Zergling x2  
  48  4:37  Zergling x4  
  48  4:38  Zergling x4  
  52  4:40  Queen  
  52  4:41  Drone  
  52  4:44  Zergling x2  
  55  4:54  Overlord  
  55  4:55  Drone  
  55  4:56  Drone  
  55  4:57  Pneumatized Carapace  
  55  4:58  Drone x2  
  55  4:59  Drone x3  
  62  5:00  Drone  
  62  5:04  Baneling Nest  
  62  5:06  Spore Crawler  
  62  5:07  Drone  
  62  5:08  Drone  
  62  5:11  Drone  
  64  5:28  Overlord, Drone  
  65  5:34  Extractor  
  64  5:39  Extractor  
  64  5:40  Drone x3  
  64  5:41  Overlord, Extractor  
  65  5:44  Overlord  
  65  5:45  Overlord  
  65  5:46  Overlord  
  65  5:47  Overlord  
  65  5:49  Drone  
  66  5:54  Drone  
  67  5:59  Zergling x6  
  67  6:00  Hatchery  
  67  6:01  Zergling x2  
  67  6:02  Zergling x8  
  74  6:21  Lair  
  74  6:24  Overlord, Zerg Ground Armor Level 1  
  74  6:25  Zergling x4, Drone  
  76  6:26  Evolution Chamber  
  76  6:27  Queen  
  78  6:32  Queen  
  80  6:41  Hatchery  
  80  6:43  Drone  
  80  6:54  Baneling x10  
  80  7:03  Zergling x2  
  80  7:04  Overlord x2, Zergling x2  
  82  7:17  Overlord, Zergling x4  
  84  7:28  Zerg Melee Weapons Level 2, Centrifical Hooks  
  84  7:33  Extractor  
  84  7:34  Drone x11  
  84  7:36  Extractor  
  93  7:38  Overlord  
  93  7:40  Overlord  
  93  7:43  Drone x2  
  75  8:20  Zergling x34  
  92  8:30  Spire  
  90  8:35  Queen  
  93  8:48  Zergling x26  
  104  9:00  Overlord  
  104  9:01  Infestation Pit  
  103  9:15  Drone x2  
  103  9:17  Zergling x26  
  103  9:18  Zerg Ground Armor Level 2  
  103  9:22  Zergling x8  
  107  9:57  Mutalisk x8  
  107  9:58  Mutalisk x5  
  107  9:59  Zerg Flyer Weapons Level 1  
  130  10:12  Extractor  
  128  10:16  Extractor  
  128  10:18  Overseer  
  128  10:20  Queen  
  130  10:21  Drone x2  
  131  10:28  Mutalisk x4  
  126  10:48  Zergling x28  
  126  10:49  Zergling x12  
  136  10:50  Overlord  
  123  11:21  Burrow, Hive  
  121  11:34  Baneling  
  121  11:35  Baneling x10, Drone  
  121  11:36  Drone x4  
  121  11:37  Overlord x3  
  126  11:40  Drone x7  
  133  12:03  Mutalisk x3  
  116  12:29  Corruptor x12  
  130  12:37  Neural Parasite  
  129  12:46  Greater Spire  
  129  12:48  Drone  
  130  13:00  Adrenal Glands  
  130  13:24  Zergling x2  
  130  13:25  Zergling x40  
  151  13:45  Corruptor  
  153  13:56  Pathogen Glands  
  153  14:01  Baneling x24  
  153  14:02  Zergling x40  
  173  14:03  Overlord  
  173  14:08  Corruptor  
  173  14:09  Corruptor  
  191  14:18  Zergling x2  
  192  14:24  Overseer  
  138  15:18  Zergling x40  
  155  15:24  Ultralisk Cavern  
Tags
 
Add a new tag
Caveats
  • Supply blocks, unpowered buildings, or Contaminate may cause inaccurate times.
  • Supply counts are checked every 10 seconds.